AoeStats
← El sin team Hoffmann

Arabia

509518400Analyzed
2v2 RM · 6d ago on Sep 27, 2026· 41m 32s· 4 players
Game mode
Random Map
Map size
Medium (4 player)
Population
200
Speed
Normal
Resources
Standard
Victory
Conquest
Starting age
Dark Age
Ending age
Imperial Age
RankedLock teamsTeams togetherTeam positionsShared explorationLock speedFull tech treeHidden civsTurbo modeCheats
Victory
Defeat
🇨🇱 Magyars · Chile
1303
+14
🇲🇽 Khmer · Mexico
1257
+16
🇨🇱 Magyars · Chile
1270
-15
🇨🇱 Teutons · Chile
1253
-15
El sin team Hoffmann
6:56 Loom
9:40 Feudal Age
10:52 Double-Bit Axe
21:47 Castle Age
20:44 Horse Collar
20:55 Gold Mining
22:10 Wheelbarrow
23:52 Pikeman
24:33 Squires
24:51 Bow Saw
24:50 Town Watch
26:28 Hand Cart
31:08 Forging
30:59 Scale Mail Armor
37:38 Imperial Age
35:51 Iron Casting
35:32 Chain Mail Armor
38:45 Ballistics
39:26 Chemistry
39:28 Blast Furnace
38:58 Plate Mail Armor
37:50 Halberdier
39:21 Onager
Sir Labrop
5:22 Loom
10:31 Feudal Age
11:37 Double-Bit Axe
13:45 Horse Collar
22:41 Castle Age
22:51 Bloodlines
23:50 Scale Barding Armor
23:18 Light Cavalry
25:34 Bow Saw
26:14 Pikeman
28:33 Husbandry
30:38 Scale Mail Armor
32:37 Wheelbarrow
37:23 Hand Cart
40:00 Imperial Age
39:37 Chain Mail Armor
Mariotellop
10:43 Feudal Age
9:11 Loom
13:46 Castle Age
13:39 Double-Bit Axe
14:54 Wheelbarrow
17:37 Hand Cart
19:54 Bow Saw
21:41 Husbandry
23:16 Horse Collar
23:57 Town Watch
26:11 Bloodlines
28:45 Stone Mining
30:00 Forging
29:45 Fletching
33:43 Imperial Age
31:34 Fletching
32:31 Bodkin Arrow
33:42 Stone Shaft Mining
32:58 Gold Mining
34:52 Gold Shaft Mining
34:42 Bracer
35:05 Ballistics
35:45 Chemistry
35:07 Conscription
35:42 Double Crossbow
37:40 Scale Barding Armor
MexKajica
4:46 Loom
9:52 Feudal Age
19:29 Wheelbarrow
22:55 Castle Age
21:44 Bloodlines
21:42 Gold Mining
21:35 Horse Collar
21:44 Double-Bit Axe
22:13 Scale Barding Armor
24:25 Chain Barding Armor
25:17 Husbandry
33:56 Fletching
38:45 Imperial Age
36:44 Bodkin Arrow
37:11 Ballistics
38:26 Town Watch
39:14 Thumb Ring
39:22 Masonry
39:07 Murder Holes
39:31 Bracer
40:47 Parthian Tactics
40:18 Heavy Cavalry Archer
42:55 Chemistry
Connection lost

Rejoining the realm…

Still unreachable

The connection could not be restored.

Session expired

The server has moved on; the page needs a fresh start.